 Dungeon Crawl Stone Soup version 0.28-a0-194-g42b4daccc1 (console) character file.

Game seed: 3549555112228755948

96 FIQ the Magician (level 4, 0/31 HPs)
             Began as a Djinni Fire Elementalist on Aug 18, 2021.
             Killed from afar by Natasha (7 damage)
             ... with a magic dart
             ... on level 2 of the Dungeon.
             The game lasted 00:02:18 (2587 turns).

FIQ the Magician (Djinni Fire Elementalist)         Turns: 2587, Time: 00:02:19

Health: 0/31       AC: 10    Str:  7    XL:     4   Next: 98%
Gold:   85         EV: 12    Int: 18    God:
                   SH:  0    Dex: 13

rFire   + + .      SeeInvis .   e - +0 dagger (protect)
rCold   x . .      Faith    .   (no shield)
rNeg    . . .      Spirit   .   a - +0 robe
rPois   ∞          Reflect  .   d - +0 helmet
rElec   .          Harm     .   (no cloak)
rCorr   .          Rampage  .   (no gloves)
Will    .....                   (boots unavailable)
Stlth   ++........              (no amulet)
HPRegen 0.10/turn               (no ring)
MPRegen 0.00/turn               (no ring)

@: weak-willed, under a protective aura, flying, slowed, very slow
A: sickness immunity, fire resistance 2, cold vulnerability 1, float, innate
caster, hp casting, extra vitality 1
a: no special abilities


You were on level 2 of the Dungeon.
You visited 1 branch of the dungeon, and saw 2 of its levels.

You collected 85 gold pieces.

Inventory:

Hand Weapons
 e - a +0 dagger of protection (weapon)
Armour
 a - a +0 robe (worn)
 d - a +0 helmet (worn)
Scrolls
 b - a scroll of vulnerability
 c - a scroll of fog {unknown}
 g - a scroll of immolation {unknown}
Potions
 f - a potion of curing {unknown}


   Skills:
 - Level 2.1 Dodging
 - Level 1.5 Stealth
 + Level 4.1 Spellcasting


You couldn't memorise any spells.
You knew the following spells:

 Your Spells              Type           Power      Damage    Failure   Level
a - Foxfire               Conj/Fire      72%        2x1d7     2%          1
b - Conjure Flame         Conj/Fire      18%        6-21      8%          3
c - Inner Flame           Hex/Fire       18%        N/A       8%          3
d - Sticky Flame          Conj/Fire      18%        2d4       26%         4
e - Fireball              Conj/Fire      9%         3d6       58%         5
f - Shock                 Conj/Air       72%        1d7       2%          1
Your spell library was empty.

Dungeon Overview and Level Annotations

Branches:
Dungeon (2/15)

Altars:

Annotations:
D:2 Natasha


Innate Abilities, Weirdness & Mutations

You are immune to sickness and miasma.
You are immune to poison.
Your flesh is very heat resistant. (rF++)
You are vulnerable to cold. (rC-)
You float through the air rather than walking.
You learn spells naturally, not from books.
Your magical power is your life essence.
You have superior vitality. (+4 HP)


Message History

Your foxfire dissipates!
The foxfire hits the shadow imp but does no damage.
The foxfire hits the shadow imp.
The shadow imp is moderately wounded.
The shadow imp gestures at you. Pain shoots through your body!
* * * LOW HITPOINT WARNING * * *
You hit Natasha.
Your weapon exudes an aura of protection.
Natasha is lightly wounded.
Natasha stares at you and mumbles some strange words.
The magic dart hits you but does no damage.
The shadow imp shouts, "Quit, thou surly hell-hated dandiprat!"
The shadow imp hits you.
* * * LOW HITPOINT WARNING * * *
Natasha growls.
You are too injured to fight recklessly!
Casting: Foxfire (safe; 2% risk of failure)
Confirm with . or Enter, or press ? or * to list all spells.
You conjure some foxfire!
* * * LOW HITPOINT WARNING * * *
Natasha casts a spell at you. The magic dart hits you.
* * * LOW HITPOINT WARNING * * *
The shadow imp barely misses you.
You hit Natasha but do no damage.
Natasha is lightly wounded.
The foxfire hits the shadow imp but does no damage.
The shadow imp is moderately wounded.
The foxfire hits the shadow imp but does no damage.
The shadow imp is moderately wounded.
Natasha casts a spell at you.
You feel yourself slow down.
The crimson imp blinks!
The shadow imp misses you.
Okay, then.
As you read the scroll labelled WUGOIL RAMU, it crumbles to dust.
Magic quickly surges around you.
It was a scroll of vulnerability.
Natasha growls.
Natasha casts a spell at you. The magic dart hits you!
You die...

######### #..(.....
#......## #......#
#...÷..#
####################'##
......§.5.....######.###
......§@h.....5.........
#############.######.##.
# #.## #.##. #####.##.§#
#.##. ....h†..#.# #.##.
.....5###### ##.##.
.....###≈..###.....
....##≈≈≈≈≈..##.#.. ###
#≈≈≈≈≈....####.


You could see Natasha (weak-willed), a crimson imp (summoned, weak-willed) and a
shadow imp (summoned, weak-willed).

Vanquished Creatures
  Natasha (twice) (D:2)
  A gnoll (D:1)
  3 ball pythons
  3 bats (D:1)
  5 endoplasms
  3 giant cockroaches
  3 hobgoblins (D:1)
  A kobold (D:2)
  A quokka (D:2)
  6 goblins
  6 rats
34 creatures vanquished.

Vanquished Creatures (others)
  190 foxfires
190 creatures vanquished.

Grand Total: 224 creatures vanquished

Notes
Turn   | Place    | Note
-------+----------+-------------------------------------------
     0 | D:1      | FIQ the Djinni Fire Elementalist began the quest for the
                  | Orb.
     0 | D:1      | Reached XP level 1. HP: 15/15 MP: 0/0
   370 | D:1      | You are sucked into a shaft and drop 1 floor!
   387 | D:1      | Reached XP level 2. HP: 14/21 MP: 0/0
   746 | D:1      | Reached skill level 3 in Spellcasting
  1150 | D:1      | Reached XP level 3. HP: 15/25 MP: 0/0
  1150 | D:1      | Learned a level 1 spell: Shock
  2172 | D:2      | Noticed Natasha
  2179 | D:2      | Killed Natasha
  2180 | D:2      | Reached XP level 4. HP: 9/31 MP: 0/0
  2452 | D:2      | Noticed Natasha
  2456 | D:2      | Killed Natasha
  2457 | D:2      | Reached skill level 4 in Spellcasting
  2563 | D:2      | Noticed Natasha
  2587 | D:2      | Killed from afar by Natasha

Illustrated notes

Levels and vault maps discovered:
D:1:      dpeg_arrival_arbitrary_b, layout_basic, minmay_misc_feat_plants,
          corexii_leaking_fountain, hangedman_decor_lopped
D:2:      layout_basic, nicolae_underground_beach, uniq_natasha

Skill      XL: |  1  2  3  4 |
---------------+-------------+-----
Spellcasting   | 3 4 |  4.1
Dodging        | |  2.1
Stealth        | |  1.5

Action                   |  1- 3 |  4- 6 || total
-------------------------+-------+-------++-------
Melee: Dagger            |     1 |     2 ||     3
 Cast: Foxfire           |    92 |    20 ||   112
  Use: Scroll            |       |     1 ||     1
Armor: Robe              |     1 |     3 ||     4
Dodge: Dodged            |    17 |     5 ||    22

Table legend: (Time is in decaauts)
 A = Elapsed time spent in this place.
 B = Non-inter-level travel time spent in this place.
 C = Inter-level travel time spent in this place.
 D = Time resting spent in this place.
 E = Time spent auto-exploring this place.
 F = Levels seen in this place.
 G = Mean time per level.
                   A        B        C        D        E       F      G
               +--------+--------+--------+--------+--------+-----+--------+
         Total |   2587 |   2562 |     25 |      0 |   2307 |   2 | 1293.5 |
       Dungeon |   2587 |   2562 |     25 |      0 |   2307 |   2 | 1293.5 |
               +--------+--------+--------+--------+--------+-----+--------+

Top non-repeatable levels by time:
     D:1: 1702 daAuts
     D:2: 885 daAuts
